 Dungeon Crawl Stone Soup version 0.30-a0-1016-gfb0d676c02 (webtiles) character file.

Game seed: 1060903246769910787

12 Newt the Trooper (level 2, -4/21 (23) HPs)
             Began as a Demonspawn Gladiator on Apr 6, 2023.
             Slain by a gnoll
             ... wielding a +0 spear
              (6 damage)
             ... on level 1 of the Dungeon.
             The game lasted 00:00:40 (275 turns).

Newt the Trooper (Demonspawn Gladiator)              Turns: 275, Time: 00:00:41

HP:   -4/21 (23)    AC:  4    Str: 14    XL:     2   Next: 20%
MP:   2/2           EV: 12    Int:  9    God:
Gold: 0             SH:  0    Dex: 14    Spells: 1/1 levels left

rFire   . . .      SeeInvis .    d - +0 short sword (drain)
rCold   . . .      Faith    .    (no shield)
rNeg    . . .      Spirit   .    b - +0 leather armour
rPois   .          Reflect  .    c - +0 helmet
rElec   .          Rampage  .    (no cloak)
rCorr   .                        (no gloves)
Will    .....                    (no boots)
Stlth   +                        (no amulet)
HPRegen 0.23/turn                (no ring)
MPRegen 0.08/turn                (no ring)

@: drained
A: demonic magic 1
a: no special abilities


You were on level 1 of the Dungeon.
You visited 1 branch of the dungeon, and saw 1 of its levels.

Inventory:

Hand Weapons
 a - a +0 rapier
 d - a +0 short sword of draining (weapon)
Missiles
 e - a throwing net
 g - 3 stones (quivered)
Armour
 b - a +0 leather armour (worn)
 c - a +0 helmet (worn)
Potions
 f - a potion of curing {unknown}


   Skills:
 + Level 2.9 Fighting
 - Level 2.6 Short Blades
 - Level 1.7 Throwing
 - Level 2.6 Dodging


You had one spell level left.
You didn't know any spells.
Your spell library was empty.

Dungeon Overview and Level Annotations

Branches:
Dungeon (1/15)

Altars:


Innate Abilities, Weirdness & Mutations

Spells you cast may paralyse adjacent enemies.


Message History

Aim: a gnoll, wielding a +0 spear (63% to hit)
You throw a throwing net. The throwing net hits the gnoll.
The gnoll is caught in the net!
The gnoll struggles against the net.
Unknown command.
The gnoll struggles against the net.
The gnoll struggles against the net.
The gnoll struggles against the net.
The rat closely misses you.
A giant cockroach comes into view.
You hit the gnoll but do no damage. You drain the gnoll.
The gnoll is lightly wounded.
The gnoll struggles against the net.
A goblin comes into view. It is wielding a +0 club.
The rat barely misses you.
The goblin shouts!
You hit the gnoll. You drain the gnoll.
The gnoll is severely wounded.
The gnoll struggles against the net.
The net rips apart, and the gnoll comes free!
The rat bites you but does no damage.
You barely miss the gnoll.
The gnoll is severely wounded.
The gnoll hits you with a +0 spear.
* * * LOW HITPOINT WARNING * * *
The rat barely misses you.
You closely miss the gnoll.
The gnoll is severely wounded.
The gnoll barely misses you.
The rat twitches its whiskers.
The rat bites you but does no damage.
You barely miss the gnoll.
The gnoll is severely wounded.
The gnoll hits you with a +0 spear.
* * * LOW HITPOINT WARNING * * *
The rat closely misses you.
Unknown command.
You closely miss the gnoll.
The gnoll is severely wounded.
The gnoll hits you with a +0 spear.
You die...

...............#.#........
##.....#.......#.#.......#
#.....##.#....#.#.....###
#...!.##.#.#..#.#..####
#.....##†#.......###
####.....##†######..#
..........(.........#
.#####.###.#.......#
#.....@..####.##
......Bgr.# ...
............# ...
...#....#.....# ..##
#.....(....g..#
#....##.......#
#....##.)..##.# ....... ..


You could see a gnoll (very drained), a giant cockroach, a goblin and a rat.

Vanquished Creatures
  2 endoplasms (D:1)
  A hobgoblin (D:1)
  3 jackals (D:1)
  A quokka (D:1)
  A ball python (D:1)
  A bat (D:1)
  A frilled lizard (D:1)
  A kobold (D:1)
11 creatures vanquished.

Notes
Turn   | Place    | Note
-------+----------+-------------------------------------------
     0 | D:1      | Newt the Demonspawn Gladiator began the quest for the Orb.
     0 | D:1      | Reached XP level 1. HP: 16/16 MP: 1/1
   241 | D:1      | Gained mutation: Spells you cast may paralyse adjacent
                  | enemies. [demonic ancestry]
   241 | D:1      | Reached XP level 2. HP: 12/23 MP: 2/2
   275 | D:1      | Slain by a gnoll

Illustrated notes

Levels and vault maps discovered:
D:1:      dpeg_cavernosity, layout_basic, skrybe_limestone_x,
          hangedman_decor_lopped

Action                     || total
---------------------------++-------
  Melee: Rapier            ||    37
         Short sword       ||     6
  Throw: Javelin           ||     1
         Throwing net      ||     4
 Armour: Leather armour    ||    20
  Dodge: Dodged            ||    34

Table legend: (Time is in decaauts)
 A = Elapsed time spent in this place.
 B = Non-inter-level travel time spent in this place.
 C = Inter-level travel time spent in this place.
 D = Time resting spent in this place.
 E = Time spent auto-exploring this place.
 F = Levels seen in this place.
 G = Mean time per level.
                   A        B        C        D        E       F      G
               +--------+--------+--------+--------+--------+-----+--------+
         Total |    276 |    276 |      0 |      0 |    184 |   1 |  276.0 |
       Dungeon |    276 |    276 |      0 |      0 |    184 |   1 |  276.0 |
               +--------+--------+--------+--------+--------+-----+--------+

Top non-repeatable levels by time:
     D:1: 276 daAuts
